 Dungeon Crawl Stone Soup version 0.21.1-1-g345015fe64 (webtiles) character file.

3574 Kohma the Grappler (level 9, 0/92 HPs)
             Began as a Troll Monk on June 14, 2018.
             Was a Priest of Kikubaaqudgha.
             Slain by an unseen horror (3 damage)
             ... on level 8 of the Dungeon.
             The game lasted 00:24:35 (6282 turns).

Kohma the Grappler (Troll Monk)                     Turns: 6282, Time: 00:24:36

Health: 0/92       AC: 11    Str: 21    XL:     9   Next: 84%
Magic:  12/12      EV: 10    Int:  9    God:    Kikubaaqudgha [***...]
Gold:   389        SH:  2    Dex: 12    Spells: 12/13 levels left

rFire    + . .     SeeInvis .     - Unarmed
rCold    . . .     Gourm    +   (no shield)
rNeg     . . .     Faith    .   G - +1 steam dragon scales
rPois    .         Spirit   .   (helmet restricted)
rElec    .         Reflect  +   l - +1 cloak
rCorr    .         Harm     .   (gloves unavailable)
MR       .....                  (boots unavailable)
Stlth    ++........             c - +2 amulet of reflection
HPRegen  0.65/turn              g - ring of protection from fire
MPRegen  0.13/turn              v - ring of flight

@: no status effects
A: large, unfitting armour, claws 3, fast metabolism 3, gourmand, regeneration
1, shaggy fur 1, tough skin 2
a: Receive Corpses, Renounce Religion, Evoke Flight


You were on level 8 of the Dungeon.
You worshipped Kikubaaqudgha.
Kikubaaqudgha was most pleased with you.
You were very full.

You visited 2 branches of the dungeon, and saw 9 of its levels.

You collected 389 gold pieces.

Inventory:

Hand Weapons
 s - a +3 dagger of holy wrath
 H - a +0 blowgun
Missiles
 p - 5 silver tomahawks (quivered)
 u - 30 poisoned needles
Armour
 l - a +1 cloak (worn)
 w - a +0 robe
 G - +1 steam dragon scales (worn)
Jewellery
 c - a +2 amulet of reflection (around neck)
 g - a ring of protection from fire (left claw)
 v - a ring of flight (right claw)
 y - a cursed amulet of inaccuracy {unknown}
 C - a +4 ring of protection {unknown}
 F - a cursed -3 ring of strength {unknown}
Wands
 r - a wand of paralysis (7)
 t - a wand of flame (29)
 I - a wand of iceblast (15)
Scrolls
 d - 6 scrolls of remove curse
 f - a scroll of blinking
 j - 7 scrolls of immolation
 m - 6 scrolls of teleportation
 q - 2 scrolls of magic mapping
 B - a scroll of enchant weapon
 D - a scroll of identify
 E - a scroll of amnesia
Potions
 a - a potion of flight
 e - 4 potions of heal wounds
 h - 4 potions of lignification
 i - a potion of might
 k - a potion of agility
 n - 4 potions of brilliance {unknown}
 z - a potion of invisibility {unknown}
 A - a potion of cancellation {unknown}
Books
 o - Kikubaaqudgha's Compendium of Unholy Arts
   (Kikubaaqudgha gifted it to you in the Ecumenical Temple)

   Spells                             Type                      Level
   a - Animate Skeleton               Necromancy                   1
   b - Pain                           Necromancy                   1
   c - Sublimation of Blood           Necromancy                   2
   d - Regeneration                   Charms/Necromancy            3
 x - Kikubaaqudgha's Papyrus of Evil
   (Kikubaaqudgha gifted it to you on level 7 of the Dungeon)

   Spells                             Type                      Level
   a - Excruciating Wounds            Charms/Necromancy            5
   b - Bolt of Draining               Conjuration/Necromancy       5
   c - Agony                          Necromancy                   5
   d - Dispel Undead                  Necromancy                   5
   e - Simulacrum                     Ice/Necromancy               6
 J - Xuacho's Handbook of the Bewitching Mountains
   (You found it on level 8 of the Dungeon)

   Spells                             Type                      Level
   a - Slow                           Hexes                        2
   b - Passwall                       Transmutation/Earth          2
   c - Confuse                        Hexes                        3
   d - Inner Flame                    Hexes/Fire                   3
   e - Cause Fear                     Hexes                        4
   f - Borgnjor's Vile Clutch         Necromancy/Earth             5
Comestibles
 b - 17 rations
 K - 3 chunks of flesh


   Skills:
 + Level 6.4 Fighting
 - Level 2.4 Dodging
 - Level 1.0 Stealth
 * Level 10.5 Unarmed Combat
 + Level 2.8 Spellcasting
 + Level 3.7 Necromancy


You had 12 spell levels left.
You knew the following spells:

 Your Spells              Type           Power        Failure   Level  Hunger
a - Animate Skeleton      Necr           N/A          7%          1    ##.....


Dungeon Overview and Level Annotations

Branches:
Dungeon (8/15)             Temple (1/1) D:5
   Lair: D:8-11

Altars:
Ashenzari
Cheibriados
Dithmenos
Elyvilon
Fedhas
Gozag
Hepliaklqana
Kikubaaqudgha
Makhleb
Nemelex Xobeh
Okawaru
Qazlal
Ru
Sif Muna
Trog
Uskayaw
Vehumet
Wu Jian
Xom
Yredelemnul
Zin
The Shining One


Innate Abilities, Weirdness & Mutations

You are too large for most types of armour.
You have claws for hands.
Your metabolism is lightning-fast.
You like to eat raw meat.
Your natural rate of healing is unusually fast.
You are covered in fur. (AC +1)
You have very tough skin. (AC +2)


Message History

You block something's attack. Something hits you!
* * * LOW HITPOINT WARNING * * *
Something hits you.
* * * LOW HITPOINT WARNING * * *
Something hits you but does no damage. Something hits you.
* * * LOW HITPOINT WARNING * * *
Something hits you.
* * * LOW HITPOINT WARNING * * *
Something hits you but does no damage. x2
Something completely misses you. Something hits you.
* * * LOW HITPOINT WARNING * * *
Something hits you!
* * * LOW HITPOINT WARNING * * *
There is an open door here.
Something hits you.
You die...
Kikubaaqudgha rasps: "You have failed me!
Welcome... death!"

##### #...# #...# #...#
#...# #######
#####...####.^.[.#####
#...'@..+........[....
#.###...# ##.._.......
#.# ##### #...........
#.# #........... #.####
###...###..... #....#
#....## ###### #.##.#
#...##
#####'##.####...######..
#....>......'...'.......


There were no monsters in sight!

Vanquished Creatures
  The ghost of barcollo the Cleaver, a novice MiBe of Trog (D:7)
  The ghost of Henning the Cleaver, a novice MiBe of Trog (D:6)
  A hippogriff (D:5)
  A steam dragon (D:7)
  2 ice beasts
  An ogre (D:7)
  3 centaurs
  A big kobold (D:7)
  2 bullfrogs
  A water moccasin zombie (D:8)
  4 killer bees (D:8)
  2 scorpions
  The ghost of Sapher the Grave Robber, a weakling GnNe (D:3)
  4 howler monkeys
  A crimson imp (D:5)
  A bullfrog zombie (D:5)
  3 hounds
  A centaur skeleton (D:4)
  A gnoll shaman (D:7)
  3 iguanas
  4 orc wizards
  7 worker ants
  Natasha (thrice) (D:2)
  A hound zombie (D:7)
  A howler monkey zombie (D:8)
  7 gnolls
  17 adders
  2 shadow imps
  An adder skeleton (D:4)
  2 worms (D:2)
  2 leopard geckos
  9 orcs
  7 bats
  4 giant cockroaches
  10 hobgoblins
  5 jackals
  A quokka (D:7)
  A ball python (D:2)
  5 frilled lizards
  7 goblins
  9 kobolds
  7 rats
147 creatures vanquished.

Vanquished Creatures (collateral kills)
  A howler monkey (D:7)
  2 orcs (D:6)
3 creatures vanquished.

Grand Total: 150 creatures vanquished

Notes
Turn   | Place    | Note
-------+----------+-------------------------------------------
     0 | D:1      | Kohma the Troll Monk began the quest for the Orb.
     0 | D:1      | Reached XP level 1. HP: 22/22 MP: 0/0
   256 | D:1      | Reached XP level 2. HP: 29/29 MP: 1/1
   601 | D:2      | Reached XP level 3. HP: 36/36 MP: 2/2
   680 | D:2      | Reached skill level 4 in Unarmed Combat
   773 | D:2      | Noticed Natasha
   786 | D:2      | Killed Natasha
   786 | D:2      | Reached XP level 4. HP: 34/45 MP: 3/3
   896 | D:2      | Noticed Natasha
   904 | D:2      | Killed Natasha
  1021 | D:2      | Noticed Natasha
  1037 | D:2      | Killed Natasha
  1037 | D:2      | Reached skill level 5 in Unarmed Combat
  1037 | D:2      | Reached XP level 5. HP: 37/53 MP: 4/4
  1433 | D:3      | Noticed Sapher's ghost (weakling GnNe)
  1459 | D:3      | Killed Sapher's ghost
  2168 | D:3      | Reached XP level 6. HP: 30/62 MP: 5/5
  2260 | D:3      | Reached skill level 6 in Unarmed Combat
  2492 | D:4      | Found a hazy altar of Hepliaklqana.
  2681 | D:4      | Reached XP level 7. HP: 63/70 MP: 6/6
  2849 | D:5      | Entered Level 5 of the Dungeon
  2878 | D:5      | Found a staircase to the Ecumenical Temple.
  2895 | D:5      | Reached skill level 7 in Unarmed Combat
  2969 | D:5      | Noticed a hippogriff
  2984 | D:5      | Killed a hippogriff
  2984 | D:5      | Reached skill level 8 in Unarmed Combat
  3040 | D:5      | Reached skill level 5 in Fighting
  3137 | Temple   | Entered the Ecumenical Temple
  3197 | Temple   | Became a worshipper of Kikubaaqudgha
  3197 | Temple   | Reached * piety under Kikubaaqudgha
  3197 | Temple   | Identified Kikubaaqudgha's Compendium of Unholy Arts (Kikubaaqudgha gifted it to you in the Ecumenical Temple)
  3197 | Temple   | Received a gift from Kikubaaqudgha
  3197 | Temple   | Reached ** piety under Kikubaaqudgha
  3570 | D:5      | Learned a level 1 spell: Animate Skeleton
  3735 | D:5      | Reached XP level 8. HP: 79/80 MP: 7/7
  4100 | D:6      | Reached skill level 1 in Necromancy
  4121 | D:6      | Noticed Henning's ghost (novice MiBe)
  4393 | D:6      | Killed Henning's ghost
  4393 | D:6      | Reached skill level 9 in Unarmed Combat
  4393 | D:6      | Reached skill level 1 in Spellcasting
  4793 | D:6      | Reached XP level 9. HP: 89/89 MP: 10/10
  5170 | D:7      | Noticed barcollo's ghost (novice MiBe)
  5198 | D:7      | Killed barcollo's ghost
  5294 | D:7      | Reached skill level 10 in Unarmed Combat
  5466 | D:7      | Reached *** piety under Kikubaaqudgha
  5466 | D:7      | Identified Kikubaaqudgha's Papyrus of Evil (Kikubaaqudgha gifted it to you on level 7 of the Dungeon)
  5466 | D:7      | Received a gift from Kikubaaqudgha
  5937 | D:8      | Identified Xuacho's Handbook of the Bewitching Mountains
  6026 | D:8      | Found a shattered altar of Ashenzari.
  6281 | D:8      | HP: 2/92 [something (7)]
  6282 | D:8      | Slain by an unseen horror

Skill      XL: |  1  2  3  4  5  6  7  8  9 |
---------------+----------------------------+-----
Unarmed Combat | 4 5 6 8 9 10 | 10.5
Fighting       | 3 4 5 6 |  6.4
Necromancy     | 2 3 |  3.7
Spellcasting   | 1 2 |  2.8
Dodging        | |  2.4
Stealth        | |  1.0

Action                   |  1- 3 |  4- 6 |  7- 9 || total
-------------------------+-------+-------+-------++-------
Melee: Unarmed           |    71 |   151 |   227 ||   449
       Punch             |       |     6 |    11 ||    17
Throw: Tomahawk          |       |       |     2 ||     2
 Cast: Animate Skeleton  |       |       |    20 ||    20
  Use: Potion            |       |     1 |       ||     1
       Scroll            |       |    12 |     5 ||    17
 Stab: Sleeping          |     2 |     2 |       ||     4
       Distracted        |       |       |     3 ||     3
  Eat: Chunk             |    13 |    17 |    32 ||    62
Armor: Robe              |    26 |    57 |    38 ||   121
       Steam dragon scal |       |       |    64 ||    64
Dodge: Dodged            |    39 |    77 |   115 ||   231
Block: Other             |       |       |    21 ||    21
       Reflection        |       |       |     3 ||     3
